| TOP OF THE 1ST |
|
Washington (WIN) Nationals batting - Pitching for Philadelphia (WIN) Phillies : RHP Pablo Medina
|
|
Pitching: RHP Pablo Medina
|
|
|
Batting: RHB Hisayuki Akiyama
|
0-0: Called Strike 0-1: Called Strike 0-2: Foul Ball, location: 2F 0-2: Foul Ball, location: 2F 0-2: Ball 1-2: Ball 2-2: Ground out 1-3 (Groundball, 34S, EV 68.8 MPH)
|
|
Batting: RHB Nate Dickinson
|
0-0: Foul Ball, location: 2F 0-1: Swinging Strike 0-2: SOLO HOME RUN (Flyball, 78XD, EV 98.1 MPH), Distance : 407 ft
|
|
Batting: RHB Antonio Laurel
|
0-0: Ball 1-0: Ground out 5-3 (Groundball, 56, EV 104.4 MPH)
|
|
Batting: LHB Evan Oliveri
|
0-0: Called Strike 0-1: Ball 1-1: Swinging Strike 1-2: Ball 2-2: Strikes out swinging
|
| Top of the 1st over - 1 run, 1 hit, 0 errors, 0 left on base; Washington (WIN) 1 - Philadelphia (WIN) 0 |
| BOTTOM OF THE 1ST |
|
Philadelphia (WIN) Phillies batting - Pitching for Washington (WIN) Nationals : RHP Josh Wellman
|
|
Pitching: RHP Josh Wellman
|
|
|
Batting: RHB Tony Perez
|
0-0: Called Strike 0-1: Ball 1-1: Foul Ball, location: 2F 1-2: Ground out 5-3 (Groundball, 56S, EV 76.9 MPH)
|
|
Batting: LHB Rich Kuehne
|
0-0: Called Strike 0-1: Ball 1-1: Foul Ball, location: 2F 1-2: Ground out 5-3 (Groundball, 5L, EV 98.8 MPH)
|
|
Batting: RHB Guan-pei Gao
|
0-0: Called Strike 0-1: Ball 1-1: Foul Ball, location: 2F 1-2: Foul Ball, location: 2F 1-2: Fly out, F7 (Flyball, 7LSF, EV 98.1 MPH)
|
| Bottom of the 1st over - 0 runs, 0 hits, 0 errors, 0 left on base; Washington (WIN) 1 - Philadelphia (WIN) 0 |
| TOP OF THE 2ND |
|
Washington (WIN) Nationals batting - Pitching for Philadelphia (WIN) Phillies : RHP Pablo Medina
|
|
Batting: RHB Er Le
|
0-0: Called Strike 0-1: SINGLE (Line Drive, 6D, EV 98.1 MPH)
|
|
Batting: RHB Xavier Reeves
|
0-0: Foul Ball, location: 2F 0-1: Foul Ball, location: 2F 0-2: Ball 1-2: Ground out 5-3 (Groundball, 56S, EV 66.2 MPH) Er Le to second
|
|
Batting: SHB Curtis DeLille
|
0-0: Called Strike 0-1: Ball 1-1: Ball 2-1: Fly out, F4 (Popup, 4, EV 60.0 MPH)
|
|
Batting: RHB Taffounnout Kame
|
0-0: Called Strike 0-1: Ball 1-1: Swinging Strike 1-2: Fly out, F3 (Popup, 3, EV 62.5 MPH)
|
| Top of the 2nd over - 0 runs, 1 hit, 0 errors, 1 left on base; Washington (WIN) 1 - Philadelphia (WIN) 0 |
| BOTTOM OF THE 2ND |
|
Philadelphia (WIN) Phillies batting - Pitching for Washington (WIN) Nationals : RHP Josh Wellman
|
|
Batting: LHB Jean-Claude Vanbiesbrouck
|
0-0: Ball 1-0: Ball 2-0: Ball 3-0: Base on Balls
|
|
Batting: RHB Mike Bell
|
0-0: Foul Ball, location: 2F 0-1: Foul Ball, location: 2F 0-2: SINGLE (Line Drive, 6MD, EV 95.0 MPH) Jean-Claude Vanbiesbrouck to second Runner from 2nd tries for 3rd, SAFE, throw by CF made to third
|
|
Batting: RHB Chris Myers
|
0-0: Called Strike 0-1: Swinging Strike 0-2: SINGLE (Groundball, 25, EV 73.8 MPH) (infield hit) Mike Bell to second
|
|
Batting: LHB Eric Farren
|
0-0: Single, Error in OF, E7, batter to second base (Line Drive, 7S, EV 96.2 MPH) Jean-Claude Vanbiesbrouck scores Mike Bell scores Chris Myers to third
|
|
Batting: RHB Alan Weller
|
0-0: Ball 1-0: Swinging Strike 1-1: Called Strike 1-2: Ball 2-2: Fly out, F9 (Flyball, 9LD, EV 108.1 MPH) Throwing error, E9 Chris Myers scores Eric Farren to third
|
|
Batting: RHB Teh-huai Jiang
|
0-0: Ball 1-0: Ground out 6-3 (Groundball, 6, EV 103.8 MPH) Eric Farren scores
|
|
Batting: RHB Tony Perez
|
0-0: Foul Ball, location: 2F 0-1: Ball 1-1: Ball 2-1: Ball 3-1: Called Strike 3-2: Strikes out looking
|
| Bottom of the 2nd over - 4 runs, 3 hits, 2 errors, 0 left on base; Washington (WIN) 1 - Philadelphia (WIN) 4 |
| TOP OF THE 3RD |
|
Washington (WIN) Nationals batting - Pitching for Philadelphia (WIN) Phillies : RHP Pablo Medina
|
|
Batting: RHB Alex Martinez
|
0-0: Fly out, F9 (Line Drive, 34D, EV 73.1 MPH)
|
|
Batting: RHB Hisayuki Akiyama
|
0-0: Ball 1-0: Ball 2-0: Ball 3-0: Base on Balls
|
|
Batting: RHB Nate Dickinson
|
0-0: Called Strike Hisayuki Akiyama steals 2nd base (no throw) 0-1: Foul Ball, location: 2F 0-2: Strikes out swinging
|
|
Batting: RHB Antonio Laurel
|
0-0: Called Strike 0-1: Ball Wild Pitch! Hisayuki Akiyama to third 1-1: Ball 2-1: Called Strike 2-2: Ball 3-2: Foul Ball, location: 2F 3-2: Strikes out swinging
|
| Top of the 3rd over - 0 runs, 0 hits, 0 errors, 1 left on base; Washington (WIN) 1 - Philadelphia (WIN) 4 |
| BOTTOM OF THE 3RD |
|
Philadelphia (WIN) Phillies batting - Pitching for Washington (WIN) Nationals : RHP Josh Wellman
|
|
Batting: LHB Rich Kuehne
|
0-0: Ball 1-0: Ball 2-0: Called Strike 2-1: Ball 3-1: Foul Ball, location: 2F 3-2: Strikes out swinging
|
|
Batting: RHB Guan-pei Gao
|
0-0: Ball 1-0: Ball 2-0: Called Strike 2-1: Called Strike 2-2: Strikes out swinging
|
|
Batting: LHB Jean-Claude Vanbiesbrouck
|
0-0: Ball 1-0: Ball 2-0: Called Strike 2-1: Foul Ball, location: 2F 2-2: Fly out, F7 (Flyball, 7LMF, EV 75.6 MPH)
|
| Bottom of the 3rd over - 0 runs, 0 hits, 0 errors, 0 left on base; Washington (WIN) 1 - Philadelphia (WIN) 4 |
| TOP OF THE 4TH |
|
Washington (WIN) Nationals batting - Pitching for Philadelphia (WIN) Phillies : RHP Pablo Medina
|
|
Batting: LHB Evan Oliveri
|
0-0: Ball 1-0: Called Strike 1-1: Ball 2-1: Foul Ball, location: 2F 2-2: Ground out 4-3 (Groundball, 4MD, EV 76.2 MPH)
|
|
Batting: RHB Er Le
|
0-0: Foul Ball, location: 2F 0-1: Foul Ball, location: 2F 0-2: Fly out, F8 (Line Drive, 8LM, EV 87.5 MPH)
|
|
Batting: RHB Xavier Reeves
|
0-0: Ball 1-0: Ball 2-0: Called Strike 2-1: Ball 3-1: Called Strike 3-2: Strikes out swinging
|
| Top of the 4th over - 0 runs, 0 hits, 0 errors, 0 left on base; Washington (WIN) 1 - Philadelphia (WIN) 4 |
| BOTTOM OF THE 4TH |
|
Philadelphia (WIN) Phillies batting - Pitching for Washington (WIN) Nationals : RHP Josh Wellman
|
|
Batting: RHB Mike Bell
|
0-0: Ball 1-0: Ball 2-0: Foul Ball, location: 2F 2-1: SINGLE (Line Drive, 6MD, EV 103.8 MPH)
|
|
Batting: RHB Chris Myers
|
0-0: Ball 1-0: Foul Ball, location: 2F 1-1: SINGLE (Groundball, 56D, EV 98.1 MPH) Mike Bell to second
|
|
Batting: LHB Eric Farren
|
0-0: Fielders Choice at 2nd, 5-4 (Groundball, 56, EV 85.6 MPH) Mike Bell to third
|
|
Batting: RHB Alan Weller
|
0-0: Grounds into double play, 6-4-3 (Groundball, 6, EV 82.5 MPH)
|
| Bottom of the 4th over - 0 runs, 2 hits, 0 errors, 1 left on base; Washington (WIN) 1 - Philadelphia (WIN) 4 |
| TOP OF THE 5TH |
|
Washington (WIN) Nationals batting - Pitching for Philadelphia (WIN) Phillies : RHP Pablo Medina
|
|
Batting: SHB Curtis DeLille
|
0-0: Ball 1-0: Foul Ball, location: 2F 1-1: Ball 2-1: Swinging Strike 2-2: Strikes out swinging, 2-3 out at first.
|
|
Batting: RHB Taffounnout Kame
|
0-0: SINGLE (Groundball, 56D, EV 108.1 MPH)
|
|
Batting: RHB Alex Martinez
|
0-0: Ball 1-0: Ball 2-0: Called Strike 2-1: Called Strike 2-2: Strikes out swinging
|
|
Batting: RHB Hisayuki Akiyama
|
0-0: Ball 1-0: Foul Ball, location: 2F 1-1: Called Strike 1-2: Fielders Choice at 2nd, 6-4 (Groundball, 6, EV 85.6 MPH)
|
| Top of the 5th over - 0 runs, 1 hit, 0 errors, 1 left on base; Washington (WIN) 1 - Philadelphia (WIN) 4 |
| BOTTOM OF THE 5TH |
|
Philadelphia (WIN) Phillies batting - Pitching for Washington (WIN) Nationals : RHP Josh Wellman
|
|
Batting: RHB Teh-huai Jiang
|
0-0: Foul Ball, location: 2F 0-1: Ball 1-1: Ball 2-1: SINGLE (Groundball, 6MD, EV 97.5 MPH)
|
|
Batting: RHB Tony Perez
|
0-0: Ball 1-0: Ball 2-0: Ball 3-0: Called Strike 3-1: Fly out, F3 (Line Drive, 34, EV 63.8 MPH)
|
|
Batting: LHB Rich Kuehne
|
0-0: Ball 1-0: Called Strike 1-1: Swinging Strike 1-2: Grounds into double play, 6-4-3 (Groundball, 6, EV 87.5 MPH)
|
| Bottom of the 5th over - 0 runs, 1 hit, 0 errors, 0 left on base; Washington (WIN) 1 - Philadelphia (WIN) 4 |
| TOP OF THE 6TH |
|
Washington (WIN) Nationals batting - Pitching for Philadelphia (WIN) Phillies : RHP Pablo Medina
|
|
Batting: RHB Nate Dickinson
|
0-0: Fly out, F8 (Flyball, 8RM, EV 80.0 MPH)
|
|
Batting: RHB Antonio Laurel
|
0-0: Ball 1-0: Foul Ball, location: 2F 1-1: Called Strike 1-2: SINGLE (Groundball, 6MD, EV 97.5 MPH)
|
|
Batting: LHB Evan Oliveri
|
0-0: Ball 1-0: Swinging Strike 1-1: Ball 2-1: Grounds into double play, 6-4-3 (Groundball, 6, EV 78.8 MPH)
|
| Top of the 6th over - 0 runs, 1 hit, 0 errors, 0 left on base; Washington (WIN) 1 - Philadelphia (WIN) 4 |
| BOTTOM OF THE 6TH |
|
Philadelphia (WIN) Phillies batting - Pitching for Washington (WIN) Nationals : RHP Josh Wellman
|
|
Batting: RHB Guan-pei Gao
|
0-0: Called Strike 0-1: Ball 1-1: Foul Ball, location: 2F 1-2: Foul Ball, location: 2F 1-2: Foul Ball, location: 2F 1-2: Fly out, F8 (Flyball, 8RM, EV 93.1 MPH)
|
|
Batting: LHB Jean-Claude Vanbiesbrouck
|
0-0: Swinging Strike 0-1: Called Strike 0-2: Ball 1-2: Foul Ball, location: 2F 1-2: Strikes out swinging
|
|
Batting: RHB Mike Bell
|
0-0: Ball 1-0: Ball 2-0: Called Strike 2-1: Swinging Strike 2-2: Ball 3-2: Base on Balls
|
|
Batting: RHB Chris Myers
|
0-0: Called Strike 0-1: Ball 1-1: Ball 2-1: Ball 3-1: Base on Balls Mike Bell to second
|
|
Pitching: RHP Jimmy Purscell
|
|
|
Batting: LHB Eric Farren
|
0-0: TRIPLE (Flyball, 89XD, EV 99.4 MPH) Mike Bell scores Chris Myers scores
|
|
Batting: RHB Alan Weller
|
0-0: Called Strike 0-1: Ground out 5-3 (Groundball, 56S, EV 61.9 MPH)
|
| Bottom of the 6th over - 2 runs, 1 hit, 0 errors, 1 left on base; Washington (WIN) 1 - Philadelphia (WIN) 6 |
| TOP OF THE 7TH |
|
Washington (WIN) Nationals batting - Pitching for Philadelphia (WIN) Phillies : RHP Pablo Medina
|
|
Batting: RHB Er Le
|
0-0: Called Strike 0-1: Fly out, F9 (Flyball, 9LS, EV 78.1 MPH)
|
|
Batting: RHB Xavier Reeves
|
0-0: Ball 1-0: TRIPLE (Flyball, 78XD, EV 106.2 MPH)
|
|
Batting: SHB Curtis DeLille
|
0-0: Called Strike 0-1: Swinging Strike 0-2: Strikes out looking
|
|
Batting: RHB Taffounnout Kame
|
0-0: Ball 1-0: DOUBLE (Flyball, 8RXD, EV 96.9 MPH) Xavier Reeves scores
|
|
Batting: RHB Alex Martinez
|
0-0: Called Strike 0-1: Ground out 4-3 (Groundball, 4, EV 102.5 MPH)
|
| Top of the 7th over - 1 run, 2 hits, 0 errors, 1 left on base; Washington (WIN) 2 - Philadelphia (WIN) 6 |
| BOTTOM OF THE 7TH |
|
Philadelphia (WIN) Phillies batting - Pitching for Washington (WIN) Nationals : RHP Jimmy Purscell
|
|
Batting: RHB Teh-huai Jiang
|
0-0: Ball 1-0: Fly out, F7 (Flyball, 7LS, EV 91.9 MPH)
|
|
Batting: RHB Tony Perez
|
0-0: Called Strike 0-1: Ball 1-1: Swinging Strike 1-2: Ball 2-2: Foul Ball, location: 2F 2-2: Ball 3-2: Strikes out swinging
|
|
Batting: LHB Rich Kuehne
|
0-0: Foul Ball, location: 2F 0-1: Called Strike 0-2: Ball 1-2: Ball 2-2: Foul Ball, location: 2F 2-2: DOUBLE (Flyball, 89D, EV 90.6 MPH)
|
|
Batting: RHB Guan-pei Gao
|
0-0: Ball 1-0: Ball 2-0: Called Strike 2-1: Ball 3-1: Foul Ball, location: 2F 3-2: Strikes out swinging
|
| Bottom of the 7th over - 0 runs, 1 hit, 0 errors, 1 left on base; Washington (WIN) 2 - Philadelphia (WIN) 6 |
| TOP OF THE 8TH |
|
Washington (WIN) Nationals batting - Pitching for Philadelphia (WIN) Phillies : RHP Pablo Medina
|
|
Pitching: RHP David Oviedo
|
|
|
Batting: RHB Hisayuki Akiyama
|
0-0: Ball 1-0: Swinging Strike 1-1: Ball 2-1: Foul Ball, location: 2F 2-2: Ball 3-2: Foul Ball, location: 2F 3-2: Foul Ball, location: 2F 3-2: SINGLE (Flyball, 6D, EV 91.2 MPH)
|
|
Batting: RHB Nate Dickinson
|
0-0: Fly out, F7 (Flyball, 7, EV 82.5 MPH)
|
|
Batting: RHB Antonio Laurel
|
0-0: Called Strike 0-1: Foul Ball, location: 2F 0-2: Reached on error, E1 (Groundball, 23, EV 65.0 MPH) Hisayuki Akiyama to second
|
|
Batting: LHB Evan Oliveri
|
0-0: Ball 1-0: Fly out, F8 (Flyball, 8LM, EV 88.1 MPH) Runner from 2nd tags up, OUT at 3rd! 8-5
|
| Top of the 8th over - 0 runs, 1 hit, 1 error, 1 left on base; Washington (WIN) 2 - Philadelphia (WIN) 6 |
| BOTTOM OF THE 8TH |
|
Philadelphia (WIN) Phillies batting - Pitching for Washington (WIN) Nationals : RHP Jimmy Purscell
|
|
Batting: LHB Jean-Claude Vanbiesbrouck
|
0-0: Ball 1-0: Called Strike 1-1: Ball 2-1: Ball 3-1: Called Strike 3-2: Foul Ball, location: 2F 3-2: Foul Ball, location: 2F 3-2: Strikes out swinging
|
|
Batting: RHB Mike Bell
|
0-0: Called Strike 0-1: Called Strike 0-2: Strikes out swinging
|
|
Batting: RHB Chris Myers
|
0-0: Fly out, F8 (Line Drive, 89M, EV 93.8 MPH)
|
| Bottom of the 8th over - 0 runs, 0 hits, 0 errors, 0 left on base; Washington (WIN) 2 - Philadelphia (WIN) 6 |
| TOP OF THE 9TH |
|
Washington (WIN) Nationals batting - Pitching for Philadelphia (WIN) Phillies : RHP David Oviedo
|
|
Batting: RHB Er Le
|
0-0: SINGLE (Line Drive, 6MD, EV 105.6 MPH)
|
|
Batting: RHB Xavier Reeves
|
0-0: Foul Ball, location: 2F 0-1: Foul Ball, location: 2F 0-2: Strikes out swinging
|
|
Batting: SHB Curtis DeLille
|
0-0: Called Strike 0-1: Swinging Strike 0-2: Ball 1-2: Ball 2-2: Foul Ball, location: 2F 2-2: Ball 3-2: Strikes out swinging
|
|
Batting: RHB Taffounnout Kame
|
0-0: Called Strike 0-1: Swinging Strike 0-2: Ball 1-2: Ball 2-2: Strikes out looking
|
| Top of the 9th over - 0 runs, 1 hit, 0 errors, 1 left on base; Washington (WIN) 2 - Philadelphia (WIN) 6 |
|